 Dungeon Crawl Stone Soup version 0.30-a0-170-g85af917532 (webtiles) character file.

Game seed: 2849827115085385490

2074 qw the Cleaver (level 9, -6/55 HPs)
             Began as a Gargoyle Fighter on Sept 30, 2022.
             Mangled by a two-headed ogre
             ... wielding a +0 giant club
              (15 damage)
             ... on level 8 of the Dungeon.
             The game lasted 00:02:23 (6163 turns).

qw the Cleaver (Gargoyle Fighter)                   Turns: 6163, Time: 00:02:24

Health: -6/55      AC: 28    Str: 23    XL:     9   Next: 26%
Magic:  9/9        EV:  6    Int: 10    God:
Gold:   392        SH:  5    Dex: 15    Spells: 8/8 levels left

rFire   . . .      SeeInvis .    Y - +1 war axe (protect)
rCold   . . .      Faith    .    c - +0 buckler
rNeg    + + .      Spirit   .    m - +0 plate armour
rPois   inf        Reflect  .    (no helmet)
rElec   +          Harm     .    (no cloak)
rCorr   .          Rampage  .    g - +2 pair of gloves
Will    .....                    (no boots)
Stlth   ..........               (no amulet)
HPRegen 0.18/turn                b - ring of positive energy
MPRegen 0.11/turn                q - +6 ring of dexterity

@: under a protective aura
A: sickness immunity, AC +6, negative energy resistance 1, electricity
resistance, torment resistance 1, petrification resistance
a: no special abilities


You were on level 8 of the Dungeon.
You visited 1 branch of the dungeon, and saw 7 of its levels.

You collected 392 gold pieces.


Innate Abilities, Weirdness & Mutations

You are immune to sickness and miasma.
Your stone body is resilient. (AC +6)
You are immune to poison.
You resist negative energy. (rN+)
You are resistant to electric shocks. (rElec)
You are resistant to unholy torment.
You are immune to petrification.


   Skills:
 - Level 6.0 Fighting
 - Level 9.0 Axes
 - Level 5.1 Armour
 + Level 1.2 Dodging
 - Level 5.0 Shields


You had 8 spell levels left.
You didn't know any spells.
Your spell library was empty.

Inventory:

Hand Weapons
 j - a +3 flail
 Y - a +1 war axe of protection (weapon)
Armour
 c - a +0 buckler (worn)
 g - a +2 pair of gloves (worn)
 m - a +0 plate armour (worn)
Jewellery
 b - a ring of positive energy (left hand)
 h - a ring of see invisible
 q - a +6 ring of dexterity (right hand)
Scrolls
 a - 2 scrolls of teleportation
 l - a scroll of identify
Potions
 d - a potion of might
 e - a potion of flight {unknown}
 f - 7 potions of curing
 i - a potion of berserk rage {unknown}
 k - 2 potions of mutation {unknown}
 n - 3 potions of heal wounds
 o - a potion of degeneration {unknown}
 s - 2 potions of magic {unknown}
 t - a potion of haste {unknown}

Dungeon Overview and Level Annotations

Branches:
Dungeon (6/15)             Temple (0/1) D:5

Altars:
Elyvilon
Qazlal
Sif Muna
Yredelemnul
Zin
The Shining One


Message History

The orc priest hits you but does no damage.
You barely miss the orc priest.
The orc priest is lightly wounded.
You closely miss the orc.
The orc priest hits you but does no damage.
The orc hits you but does no damage. You block the orc warrior's attack.
You barely miss the orc priest.
The orc priest is lightly wounded.
You hit the orc but do no damage.
The orc priest mumbles some strange prayers to Beogh against you.
Beogh smites you! The orc hits you but does no damage.
The orc priest looks encouraged for a moment.
The orc warrior hits you from afar with a +0 glaive!
You slash the orc priest!
You kill the orc priest!
You slash the orc!
You kill the orc!
An orc wizard comes into view. It is wielding a +0 dagger.
A wight comes into view. It is wielding a +0 battleaxe.
The orc wizard shouts!
You block the orc warrior's attack.
A wight comes into view. It is wielding a +5 dire flail.
Things that are here:
a +0 falchion; an orc corpse You slash the two-headed ogre!
The two-headed ogre is moderately wounded.
You hit the orc priest.
An orc comes into view. It is wielding a +1 mace of protection.
The two-headed ogre hits you but does no damage.
The two-headed ogre hits you with a +0 giant club!
The orc priest looks braver for a moment.
The orc warrior barely misses you.
The orc shouts!
You slash the two-headed ogre!
The two-headed ogre is heavily wounded.
You slash the orc priest! The orc priest barely misses you.
You block the orc warrior's attack.
An orc comes into view. It is wielding a +0 falchion.
The two-headed ogre hits you with a +0 giant club! x2
You die... o....# ..... . ....# .. ... #.# .. ozz

#.# #. #o# #.#
#.##O####.# #.#
#..o@.....# #.#
####.###### #.#
#.# #.# #)# ##.##
#.###########.#.##
#............###.#
###########.## ##.
#.## ## ### ##.


You could see a two-headed ogre, an orc warrior, 2 wights, an orc priest, an orc
wizard and an orc (wandering).

Vanquished Creatures
  A troll (D:8)
  Prince Ribbit (D:5)
  2 water moccasins
  2 ogres
  A centaur (D:6)
  2 phantoms
  A kobold brigand (D:8)
  2 scorpions
  6 killer bees (D:8)
  A howler monkey (D:4)
  3 orc priests
  A gnoll bouda (D:6)
  A jelly (D:5)
  Natasha (thrice) (D:4)
  An iguana (D:5)
  4 orc wizards
  A hound zombie (D:3)
  4 gnolls (D:6)
  5 adders
  A shadow imp (D:6)
  A white imp (D:6)
  3 worms
  A dart slug (D:4)
  10 orcs
  8 bats
  6 endoplasms
  4 giant cockroaches
  8 goblins
  11 hobgoblins
  7 jackals (D:3)
  A quokka (D:4)
  7 ball pythons
  4 frilled lizards
  20 kobolds
  7 rats
141 creatures vanquished.

Notes
Turn   | Place    | Note
-------+----------+-------------------------------------------
     0 | D:1      | qw the Gargoyle Fighter began the quest for the Orb.
     0 | D:1      | Reached XP level 1. HP: 14/14 MP: 1/1
     0 | D:1      | 0 ||| qw: Version: 0.2-a-12-gaebbb33
     0 | D:1      | 0 ||| qw: Game counter: 1583
     0 | D:1      | 0 ||| qw: Always use a shield: true
     0 | D:1      | 0 ||| qw: God list: Okawaru
     0 | D:1      | 0 ||| qw: Allow faded altars: false
     0 | D:1      | 0 ||| qw: Do Orc after D:15 true
     0 | D:1      | 0 ||| qw: Do second Lair branch before Depths: true
     0 | D:1      | 0 ||| qw: Lair rune preference: random
     0 | D:1      | 0 ||| qw: Plans: Normal, Zot:1-4, God:TSO, Crypt, Tomb,
                  | Pan, Slime:5, Hells, Abyss, Orb
     0 | D:1      | 0 ||| PLANNING D:1-11
    13 | D:1      | 13 ||| Stepping ~*~*~tactically~*~*~ (stealth).
    14 | D:1      | 14 ||| Stepping ~*~*~tactically~*~*~ (stealth).
    19 | D:1      | 19 ||| Stepping ~*~*~tactically~*~*~ (stealth).
    20 | D:1      | 20 ||| Stepping ~*~*~tactically~*~*~ (stealth).
    22 | D:1      | 22 ||| Stepping ~*~*~tactically~*~*~ (stealth).
    25 | D:1      | Reached skill level 2 in Axes
    73 | D:1      | 73 ||| Stepping ~*~*~tactically~*~*~ (stealth).
    80 | D:1      | 80 ||| Stepping ~*~*~tactically~*~*~ (stealth).
    82 | D:1      | 82 ||| Stepping ~*~*~tactically~*~*~ (stealth).
    84 | D:1      | 84 ||| Stepping ~*~*~tactically~*~*~ (stealth).
    85 | D:1      | 85 ||| Stepping ~*~*~tactically~*~*~ (stealth).
    89 | D:1      | 89 ||| Stepping ~*~*~tactically~*~*~ (stealth).
   202 | D:1      | Reached XP level 2. HP: 19/19 MP: 2/2
   232 | D:1      | 232 ||| Stepping ~*~*~tactically~*~*~ (stealth).
   236 | D:1      | 236 ||| Stepping ~*~*~tactically~*~*~ (stealth).
   390 | D:1      | 390 ||| DROPPING +0 club.
   599 | D:1      | Reached skill level 3 in Axes
   678 | D:1      | 678 ||| Stepping ~*~*~tactically~*~*~ (stealth).
   803 | D:1      | Reached XP level 3. HP: 23/23 MP: 3/3
   876 | D:1      | 876 ||| Stepping ~*~*~tactically~*~*~ (stealth).
  1217 | D:1      | Found a faded altar of an unknown god.
  1218 | D:1      | 1218 ||| DROPPING scarf of invisibility.
  1219 | D:1      | 1219 ||| DROPPING amulet of faith.
  1220 | D:1      | 1220 ||| READING scroll labelled GIRAAP FOOSH.
  1221 | D:1      | 1221 ||| READING scroll labelled DIMPUX FIROON.
  1222 | D:1      | 1222 ||| READING scroll labelled TETIHY ZYDU.
  1223 | D:1      | 1223 ||| READING scroll labelled KOMMOTU TICZITE.
  1224 | D:1      | 1224 ||| READING 2 scrolls labelled GAUXI HOPU.
  1253 | D:2      | 1253 ||| Stepping ~*~*~tactically~*~*~ (stealth).
  1256 | D:2      | 1256 ||| STAIRDANCE
  1272 | D:1      | 1272 ||| UPGRADING to +0 chain mail.
  1282 | D:1      | 1282 ||| DROPPING +0 scale mail.
  1747 | D:2      | Found a shimmering blue altar of Sif Muna.
  2006 | D:2      | 2006 ||| READING scroll labelled HOITTE OXKEMUB.
  2007 | D:2      | 2007 ||| READING scroll labelled TUOWIS UVYA.
  2010 | D:2      | 2010 ||| READING scroll labelled FOLOQITZ DUTI.
  2011 | D:2      | 2011 ||| READING 2 scrolls of identify.
  2011 | D:2      | 2011 ||| IDENTIFYING black potion
  2021 | D:3      | 2021 ||| STAIRDANCE
  2026 | D:2      | Reached XP level 4. HP: 28/28 MP: 4/4
  2118 | D:3      | 2118 ||| Stepping ~*~*~tactically~*~*~ (stealth).
  2120 | D:3      | 2120 ||| Stepping ~*~*~tactically~*~*~ (stealth).
  2124 | D:3      | Reached skill level 4 in Axes
  2136 | D:3      | 2136 ||| FLEEEEING.
  2137 | D:3      | 2137 ||| FLEEEEING.
  2138 | D:3      | 2138 ||| FLEEEEING.
  2139 | D:3      | 2139 ||| FLEEEEING.
  2140 | D:3      | 2140 ||| FLEEEEING.
  2141 | D:3      | 2141 ||| FLEEEEING.
  2142 | D:3      | 2142 ||| STAIRDANCE
  2243 | D:3      | Found a glowing silver altar of Zin.
  2243 | D:3      | Found a white marble altar of Elyvilon.
  2245 | D:3      | Found a glowing golden altar of the Shining One.
  2489 | D:3      | Found a stormy altar of Qazlal.
  2602 | D:3      | Found a basalt altar of Yredelemnul.
  2656 | D:3      | 2656 ||| UPGRADING to +0 pair of gloves.
  2661 | D:3      | 2661 ||| READING scroll of enchant armour.
  2661 | D:3      | 2661 ||| ENCHANTING +0 pair of gloves.
  2662 | D:3      | 2662 ||| UPGRADING to ring of positive energy.
  2681 | D:4      | 2681 ||| STAIRDANCE
  2684 | D:3      | Reached XP level 5. HP: 32/32 MP: 5/5
  2697 | D:4      | 2697 ||| STAIRDANCE
  2756 | D:4      | Noticed Natasha
  2765 | D:4      | Killed Natasha
  2771 | D:4      | Reached skill level 5 in Axes
  2771 | D:4      | Noticed Natasha
  2772 | D:4      | 2772 ||| FLEEEEING.
  2774 | D:4      | 2774 ||| FLEEEEING.
  2775 | D:4      | 2775 ||| FLEEEEING.
  2778 | D:4      | 2778 ||| FLEEEEING.
  2779 | D:4      | 2779 ||| FLEEEEING.
  2780 | D:4      | 2780 ||| FLEEEEING.
  2781 | D:4      | 2781 ||| FLEEEEING.
  2782 | D:4      | 2782 ||| STAIRDANCE
  3000 | D:4      | 3000 ||| Stepping ~*~*~tactically~*~*~ (hiding).
  3007 | D:4      | Killed Natasha
  3008 | D:4      | Reached XP level 6. HP: 38/38 MP: 6/6
  3370 | D:4      | Noticed Natasha
  3375 | D:4      | Killed Natasha
  3495 | D:4      | Reached skill level 6 in Axes
  3563 | D:4      | Reached skill level 1 in Dodging
  3563 | D:4      | Reached XP level 7. HP: 32/43 MP: 7/7
  4129 | D:4      | 4129 ||| UPGRADING to +0 plate armour.
  4139 | D:4      | 4139 ||| DROPPING +0 chain mail.
  4140 | D:4      | 4140 ||| UPGRADING to +6 ring of dexterity.
  4141 | D:4      | 4141 ||| READING scroll labelled WAIRIE VAYPYZ.
  4142 | D:4      | 4142 ||| READING scroll labelled BABUN GUAKLANINO.
  4143 | D:4      | 4143 ||| DRINKING 3 fizzy pink potions.
  4161 | D:5      | Entered Level 5 of the Dungeon
  4250 | D:5      | Found a staircase to the Ecumenical Temple.
  4395 | D:5      | Noticed Prince Ribbit
  4404 | D:5      | Killed Prince Ribbit
  4405 | D:5      | Reached skill level 7 in Axes
  4696 | D:5      | Reached XP level 8. HP: 44/49 MP: 8/8
  4948 | D:5      | 4948 ||| READING 4 scrolls labelled UFOKHY DORAMI.
  4949 | D:5      | 4949 ||| READING scroll labelled ZUEGOTEUTY.
  4950 | D:5      | 4950 ||| DRINKING 2 puce potions.
  4951 | D:5      | 4951 ||| DRINKING 2 cyan potions.
  4952 | D:5      | 4952 ||| DROPPING potion of invisibility.
  4953 | D:5      | 4953 ||| DROPPING potion of brilliance.
  4954 | D:5      | 4954 ||| DROPPING 3 scrolls of blinking.
  4994 | D:6      | 4994 ||| Stepping ~*~*~tactically~*~*~ (stealth).
  4996 | D:6      | 4996 ||| Stepping ~*~*~tactically~*~*~ (hiding).
  5029 | D:6      | 5029 ||| FLEEEEING.
  5032 | D:6      | 5032 ||| FLEEEEING.
  5033 | D:6      | 5033 ||| FLEEEEING.
  5034 | D:6      | 5034 ||| FLEEEEING.
  5035 | D:6      | 5035 ||| FLEEEEING.
  5036 | D:6      | 5036 ||| FLEEEEING.
  5041 | D:6      | 5041 ||| FLEEEEING.
  5044 | D:6      | 5044 ||| FLEEEEING.
  5045 | D:6      | 5045 ||| FLEEEEING.
  5046 | D:6      | 5046 ||| FLEEEEING.
  5047 | D:6      | 5047 ||| FLEEEEING.
  5048 | D:6      | 5048 ||| FLEEEEING.
  5049 | D:6      | 5049 ||| FLEEEEING.
  5052 | D:6      | 5052 ||| STAIRDANCE
  5101 | D:5      | 5101 ||| DROPPING +0 mace.
  5119 | D:6      | 5119 ||| FLEEEEING.
  5120 | D:6      | 5120 ||| STAIRDANCE
  5150 | D:6      | 5150 ||| Stepping ~*~*~tactically~*~*~ (hiding).
  5152 | D:6      | 5152 ||| Stepping ~*~*~tactically~*~*~ (hiding).
  5160 | D:6      | Reached skill level 8 in Axes
  5195 | D:6      | 5195 ||| Stepping ~*~*~tactically~*~*~ (stealth).
  5414 | D:6      | 5414 ||| Stepping ~*~*~tactically~*~*~ (hiding).
  5424 | D:6      | Reached skill level 6 in Fighting
  5426 | D:6      | 5426 ||| Stepping ~*~*~tactically~*~*~ (hiding).
  5646 | D:6      | 5646 ||| FLEEEEING.
  5649 | D:6      | 5649 ||| Stepping ~*~*~tactically~*~*~ (hiding).
  5667 | D:6      | 5667 ||| DROPPING +0 flail.
  5668 | D:6      | 5668 ||| Stepping ~*~*~tactically~*~*~ (stealth).
  5681 | D:6      | You fall into a shaft and drop 2 floors!
  5728 | D:8      | Reached XP level 9. HP: 35/55 MP: 9/9
  5738 | D:8      | Reached skill level 9 in Axes
  5882 | D:8      | 5882 ||| READING scroll of enchant armour.
  5882 | D:8      | 5882 ||| ENCHANTING +1 pair of gloves.
  5907 | D:8      | 5907 ||| Stepping ~*~*~tactically~*~*~ (stealth).
  5988 | D:8      | Noticed a troll
  6000 | D:8      | Killed a troll
  6155 | D:8      | Noticed a two-headed ogre
  6163 | D:8      | HP: 9/55 [two-headed ogre/+0 giant club (13)]
  6163 | D:8      | Mangled by a two-headed ogre

Levels and vault maps discovered:
D:1:      lightli_arrival_lavapool, layout_basic,
          shapermc_ecumenical_altar_mp_vishouse, serial_curves, eino_curves_03,
          eino_curves_03, eino_curves_01, chequers_serial_rivers_micro_c
D:2:      layout_loops_ring, basic_altar
D:3:      layout_rooms, good_gods_mini_temple, lemuel_zombie_altar_yredelemnul,
          nicolae_qazlal_general_emergency
D:4:      kb_forest_paths, layout_basic, uniq_natasha
D:5:      layout_basic, minmay_temple_entry_grid, uniq_prince_ribbit1
D:6:      layout_basic, solitary_fountain
D:8:      cheibrodos_two_vegetables, layout_loops_ring,
          grunt_temple_overflow_diamond

Skill      XL: |  1  2  3  4  5  6  7  8  9 |
---------------+----------------------------+-----
Axes           | 2 3 4 5 6 7 8 9 |  9.0
Fighting       | 4 5 6 |  6.0
Dodging        | 1 |  1.2
Armour         | 4 5 |  5.1
Shields        | 5 |  5.0

Action                   |  1- 3 |  4- 6 |  7- 9 || total
-------------------------+-------+-------+-------++-------
Melee: War axe           |   114 |   138 |   206 ||   458
Throw: Boomerang         |     5 |    12 |       ||    17
  Use: Scroll            |     9 |     1 |     5 ||    15
       Potion            |       |       |     3 ||     3
 Stab: Invisible         |       |       |     1 ||     1
Armor: Scale mail        |    38 |       |       ||    38
       Chain mail        |    17 |   102 |     2 ||   121
       Plate armour      |       |       |   160 ||   160
Dodge: Dodged            |    39 |    51 |    64 ||   154
Block: Buckler           |    18 |    25 |    49 ||    92

Table legend:
 A = Non-vault XP
 B = Vault XP
 C = Vault XP percentage of total XP
 D = Non-vault monster count
 E = Vault monster count
 F = Vault count percentage of total count
                 A         B        C        D         E       F
            +---------+---------+-------+---------+---------+-------
      Total |    2626 |     338 |  11.4 |     132 |       9 |   6.4
            +---------+---------+-------+---------+---------+-------
        D:1 |      59 |       0 |   0.0 |      30 |       0 |   0.0
        D:2 |      24 |       0 |   0.0 |      11 |       0 |   0.0
        D:3 |      67 |      22 |  24.7 |      26 |       1 |   3.7
        D:4 |     458 |      48 |   9.5 |      23 |       7 |  23.3
        D:5 |     419 |     268 |  39.0 |       6 |       1 |  14.3
        D:6 |     775 |       0 |   0.0 |      19 |       0 |   0.0
        D:8 |     824 |       0 |   0.0 |      17 |       0 |   0.0
            +---------+---------+-------+---------+---------+-------
